Map: Orbital Shipyard

Players

Thilly - Winner!

  • Race: Zerg Zerg

Valakas

  • Race: Zerg Zerg

VOD

Have the link to the VOD?

Description

Time

  • Played on: Nov. 11, 2015, 10:09 p.m.
  • Length: 12:19
Show
View Real Time Build Order
Export as new Build Order

Thilly Zerg - Winner!

Build Orders: Hatch First 

Get SALT Encoding   

  12  0:01  Drone  
  13  0:08  Drone  
  14  0:35  Hatchery  
  13  0:46  Drone  
  14  0:54  Spawning Pool  
  13  1:00  Overlord  
  13  1:05  Drone  
  13  1:08  Extractor  
  13  1:10  Drone  
  14  1:19  Drone  
  14  1:23  Drone  
  16  1:34  Drone  
  17  1:42  Queen  
  19  1:49  Queen  
  19  1:52  Zergling x2  
  22  1:57  Drone  
  23  2:06  Drone  
  23  2:07  Zergling x2  
  25  2:09  Zergling x2  
  25  2:15  Metabolic Boost  
  26  2:18  Zergling x2  
  27  2:30  Drone  
  27  2:36  Roach Warren  
  28  2:37  Drone  
  28  2:41  Overlord  
  28  3:00  Overlord  
  28  3:01  Overlord  
  28  3:04  Lair  
  28  3:10  Overlord  
  27  3:37  Roach  
  27  3:38  Roach x4  
  37  3:43  Zergling x6  
  40  3:50  Roach  
  40  3:53  Drone x2  
  44  4:04  Drone x3  
  47  4:19  Glial Reconstitution  
  47  4:30  Drone x2  
  47  4:31  Drone x2  
  51  4:35  Extractor  
  51  4:37  Extractor  
  49  4:39  Queen  
  49  4:43  Overlord  
  51  5:03  Hatchery  
  44  5:36  Roach  
  44  5:37  Roach x7  
  44  5:38  Zergling x8  
  54  5:56  Roach  
  56  6:10  Zergling x2  
  56  6:11  Zergling x6  
  60  6:26  Drone x6  
  60  6:27  Overlord x3  
  60  6:28  Overlord  
  66  6:45  Zergling x8  
  70  6:51  Queen  
  57  7:12  Zergling x12  
  57  7:13  Zergling x4  
  58  7:26  Queen  
  60  7:40  Roach  
  60  7:41  Roach x6  
  74  7:55  Evolution Chamber  
  74  7:56  Evolution Chamber  
  74  7:57  Zergling x18  
  65  8:05  Roach  
  65  8:13  Roach x3  
  65  8:14  Roach x2  
  75  8:28  Zerg Missile Weapons Level 1  
  75  8:32  Extractor  
  74  8:36  Drone x6  
  74  8:37  Drone x2  
  74  8:38  Roach  
  71  8:55  Roach x6  
  83  8:57  Zergling x6  
  85  9:13  Roach x5  
  94  9:17  Drone x4  
  94  9:20  Extractor  
  94  9:23  Extractor  
  84  9:48  Zergling x24  
  66  10:11  Drone x7  
  57  10:32  Drone x6  
  57  10:33  Drone  
  64  10:40  Roach  
  66  10:44  Roach x4  
  74  10:56  Zergling x10  
  75  11:24  Drone x3  
  75  11:25  Drone x6  
  69  11:31  Zergling x8  
  71  12:00  Zergling x12  
  71  12:01  Zergling x6  
Show
View Real Time Build Order
Export as new Build Order

Valakas Zerg 

Build Orders: Pool First 

Get SALT Encoding   

  12  0:01  Drone  
  13  0:15  Overlord  
  13  0:25  Drone  
  14  0:33  Drone x2  
  16  0:37  Drone  
  17  0:47  Spawning Pool  
  17  0:49  Extractor  
  15  0:51  Drone  
  16  0:59  Drone  
  17  1:13  Drone  
  18  1:20  Drone  
  19  1:31  Drone  
  20  1:34  Queen  
  22  1:45  Hatchery, Overlord  
  22  1:54  Drone  
  22  2:06  Overlord  
  22  2:16  Metabolic Boost  
  22  2:20  Overlord  
  22  2:37  Drone  
  22  2:38  Drone  
  23  2:45  Spine Crawler  
  23  2:47  Zergling x2  
  23  2:48  Zergling x4  
  25  2:55  Spine Crawler  
  24  3:00  Zergling x4  
  26  3:15  Zergling x2  
  27  3:23  Drone x3  
  27  3:26  Lair  
  30  3:34  Evolution Chamber  
  29  3:42  Drone x2  
  30  3:56  Baneling Nest  
  30  3:58  Drone x4  
  33  4:04  Drone x3  
  33  4:05  Queen  
  37  4:19  Zergling x2  
  37  4:20  Zergling x4  
  40  4:28  Zergling x8  
  44  4:36  Zergling x2  
  44  4:37  Zergling x2  
  46  4:42  Zerg Melee Weapons Level 1  
  46  4:50  Baneling x3  
  46  4:52  Zergling x4  
  48  4:57  Drone  
  49  5:13  Baneling x2  
  49  5:14  Zergling x2  
  49  5:15  Zergling x2  
  49  5:16  Hatchery  
  49  5:17  Overlord  
  49  5:18  Overlord x2  
  50  5:34  Zergling x2  
  50  5:35  Zergling x8  
  52  5:38  Drone  
  51  5:45  Extractor  
  51  5:48  Hatchery  
  49  5:50  Zergling x4  
  51  5:59  Zergling x8  
  51  6:03  Drone  
  48  6:17  Baneling x6  
  48  6:18  Baneling x2  
  48  6:19  Zergling x8  
  52  6:26  Drone x3  
  52  6:32  Queen  
  55  6:33  Drone  
  55  6:34  Drone  
  55  6:46  Zergling x4  
  57  6:55  Drone  
  57  6:56  Drone x3  
  49  7:11  Zergling x10  
  49  7:12  Zergling x6  
  53  7:17  Zergling x2  
  53  7:18  Zergling x4  
  53  7:20  Zerg Ground Armor Level 1  
  56  7:26  Infestation Pit  
  56  7:29  Extractor x2  
  53  7:34  Baneling  
  53  7:35  Baneling  
  54  7:37  Zergling x10  
  54  7:38  Zergling x2  
  54  7:44  Drone x2  
  60  7:57  Zergling x10  
  60  7:58  Zergling x6  
  63  8:01  Drone x3  
  65  8:06  Zergling x2  
  62  8:14  Baneling  
  62  8:15  Baneling x8  
  62  8:16  Zergling x10  
  67  8:29  Drone x3  
  67  8:30  Drone x3  
  57  8:55  Infestor  
  57  8:58  Zergling x2  
  57  8:59  Zergling x22  
  71  9:08  Baneling  
  71  9:09  Baneling x3  
  70  9:11  Zergling x6  
  72  9:18  Hive  
  70  9:50  Zergling x2  
  70  9:51  Zergling x8  
  73  9:53  Overlord x5  
  73  9:54  Overlord x2  
  73  9:57  Baneling x2  
  47  10:15  Zergling x12  
  47  10:18  Drone  
  51  10:36  Ultralisk Cavern  
  51  10:37  Zergling x2  
  51  10:38  Zergling x8  
  55  10:56  Baneling x9  
  55  10:57  Baneling x3  
  52  11:08  Zergling x2  
  52  11:09  Zergling x8  
  31  11:32  Baneling  
  28  11:33  Baneling x5  
  28  11:37  Zergling x8  
Tags
 
Add a new tag
Caveats
  • Supply blocks, unpowered buildings, or Contaminate may cause inaccurate times.
  • Supply counts are checked every 10 seconds.